 Dungeon Crawl Stone Soup version 0.20.1-1-g8b1a95d (webtiles) character file.

369 geeseburger the Slasher (level 6, -3/47 HPs)
             Began as a Demonspawn Berserker on Oct 20, 2017.
             Was a Believer of Trog.
             Slain by Menkaure (16 damage)
             ... on level 4 of the Dungeon.
             The game lasted 00:10:25 (3008 turns).

geeseburger the Slasher (Demonspawn Berserker)      Turns: 3008, Time: 00:10:27

Health: -3/47      AC:  8    Str: 19    XL:     6   Next: 41%
Magic:  15/15      EV:  9    Int:  9    God:    Trog [**....]
Gold:   171        SH:  0    Dex: 12    Spells: 5/5 levels left

rFire    . . .     SeeInvis .   a - +0 falchion
rCold    + . .     Gourm    .   (no shield)
rNeg     . . .     Faith    .   l - +0 chain mail
rPois    .         Spirit   .   (helmet restricted)
rElec    .         Reflect  .   (no cloak)
rCorr    .         Harm     .   (no gloves)
MR       .....                  (no boots)
Stlth    ..........             o - amulet of magic regeneration
Regen    0.2/turn               i - ring of protection from cold
MPRegen  0.3/turn               k - ring of magical power

@: no status effects
A: antennae 1, spiny 1, sturdy frame 1
a: Berserk, Trog's Hand, Burn Spellbooks, Renounce Religion


You were on level 4 of the Dungeon.
You worshipped Trog.
Trog was pleased with you.
You were not hungry.

You visited 1 branch of the dungeon, and saw 4 of its levels.

You collected 171 gold pieces.

Inventory:

Hand Weapons
 a - a +0 falchion (weapon)
Armour
 l - a +0 chain mail (worn)
Jewellery
 i - a ring of protection from cold (left hand)
 k - a ring of magical power (right hand)
 o - an amulet of magic regeneration (around neck)
Wands
 j - a wand of iceblast (9/15)
 u - a wand of enslavement (15/24)
 v - a wand of disintegration (7/24)
Scrolls
 g - 2 scrolls of remove curse
 n - a scroll of magic mapping
 q - a scroll of fog {unknown}
Potions
 b - a potion of haste
 d - a potion of cancellation
 e - 2 potions of heal wounds
 f - a potion of magic {unknown}
 h - a potion of brilliance {unknown}
 p - 2 potions of invisibility {unknown}
 r - a potion of curing {unknown}
 t - a potion of might {unknown}
Comestibles
 c - 2 bread rations
 m - a royal jelly
 s - 3 fruits


   Skills:
 - Level 3.0 Fighting
 + Level 6.7 Long Blades
 - Level 1.7 Armour
 - Level 1.7 Dodging


You had 5 spell levels left.
You didn't know any spells.

Dungeon Overview and Level Annotations

Branches:
Dungeon (4/15)             Temple (0/1) D:4

Altars:
Elyvilon
Kikubaaqudgha
Zin

Annotations:
D:4 Menkaure


Innate Abilities, Weirdness & Mutations

You have a pair of small antennae on your head.
You are partially covered in sharp spines.
Your movements are slightly less encumbered by armour. (ER -2)


Message History

Menkaure calls on the powers of darkness!
Your body is wracked with pain!
* * * LOW HITPOINT WARNING * * *
You feel much better.
Your skin stops crawling.
You feel less resistant to hostile enchantments.
Menkaure hits you!
* * * LOW HITPOINT WARNING * * *
You feel much better. Menkaure hits you!
You hit Menkaure.
Menkaure is heavily damaged.
Menkaure hits you but does no damage.
You hit Menkaure but do no damage.
Menkaure is heavily damaged.
Menkaure hits you!!
* * * LOW HITPOINT WARNING * * *
You hit Menkaure.
Menkaure is severely damaged.
Menkaure hits you!
You die...

.###....####...... .....
.#####..# #...... .....
..### ..# #..## #......
..... ..#
##..###......#..... ..##
##..........#......
#..###................
##.#......####...... ..#
.. #....#...# #.M)# #..#
#..## #..###...# #.@#
#...## #... #.## ##...#
#..# ##.....####.. #...
...# #..# ##............
.... ....#
#..###...#.§.§..... ....
#.<..##.......##..§§.###.
.....
....#........#....§.# #.
......
.......###.........##..
.....## ..##....
###...##..#..# ......##
.. #.... ##..##....#


You could see Menkaure.

Vanquished Creatures
  Sigmund (D:4)
  The ghost of CalmDownMonkey the Poker, an amateur MfSk (D:3)
  A vampire bat (D:2)
  2 worker ants (D:4)
  2 adders
  A gnoll (D:1)
  4 dart slugs
  3 leopard geckos
  An orc (D:3)
  2 bats (D:1)
  3 bat skeletons (D:2)
  4 bat zombies (D:2)
  3 giant cockroaches
  5 goblins (D:1)
  6 hobgoblins
  7 jackals
  12 kobolds
  A ball python (D:2)
  5 frilled lizards
  A quokka skeleton (D:4)
  5 rats
70 creatures vanquished.

Notes
Turn   | Place    | Note
-------+----------+-------------------------------------------
     0 | D:1      | geeseburger the Demonspawn Berserker began the quest for the Orb.
     0 | D:1      | Reached XP level 1. HP: 18/18 MP: 1/1
    58 | D:1      | Reached skill level 3 in Long Blades
    67 | D:1      | Gained mutation: Your movements are slightly less encumbered by armour. (ER -2) [demonic ancestry]
    67 | D:1      | Reached XP level 2. HP: 2/24 MP: 2/2
   552 | D:1      | Reached XP level 3. HP: 26/29 MP: 3/3
   717 | D:1      | Reached skill level 4 in Long Blades
   957 | D:2      | Reached ** piety under Trog
  1289 | D:2      | Found an ancient bone altar of Kikubaaqudgha.
  1297 | D:2      | Gained mutation: You have a pair of small antennae on your head. [demonic ancestry]
  1297 | D:2      | Reached XP level 4. HP: 33/35 MP: 4/4
  1438 | D:2      | Reached skill level 5 in Long Blades
  1953 | D:3      | Noticed CalmDownMonkey's ghost (amateur MfSk)
  1999 | D:3      | Killed CalmDownMonkey's ghost
  1999 | D:3      | Gained mutation: You are partially covered in sharp spines. [demonic ancestry]
  1999 | D:3      | Reached XP level 5. HP: 17/41 MP: 5/5
  2198 | D:3      | Found a glowing silver altar of Zin.
  2239 | D:3      | Found a white marble altar of Elyvilon.
  2739 | D:4      | Reached skill level 6 in Long Blades
  2833 | D:4      | Reached XP level 6. HP: 44/47 MP: 6/6
  2971 | D:4      | Found a staircase to the Ecumenical Temple.
  2986 | D:4      | Noticed Sigmund
  2991 | D:4      | Noticed Menkaure
  3000 | D:4      | Killed Sigmund
  3008 | D:4      | Slain by Menkaure

Skill      XL: |  1  2  3  4  5 |
---------------+----------------+-----
Long Blades    | 3 4 5 6 |  6.7
Fighting       | |  3.0
Armour         | |  1.7
Dodging        | |  1.7

Action                   |  1- 3 |  4- 6 || total
-------------------------+-------+-------++-------
Melee: Falchion          |   136 |   117 ||   253
Invok: Trog's Hand       |       |     2 ||     2
  Use: Scroll            |     4 |     9 ||    13
       Potion            |       |     2 ||     2
 Stab: Distracted        |     1 |       ||     1
  Eat: Bread ration      |     1 |     1 ||     2
Armor: Ring mail         |     8 |       ||     8
       Chain mail        |   103 |    54 ||   157
Dodge: Dodged            |    82 |    47 ||   129
       Rpst.: Falchion   |    33 |    19 ||    52
